 Dungeon Crawl Stone Soup version 0.17-a0-1650-gce8475a (console) character file.

224 utis the Slasher (level 5, -7/36 HPs)
             Began as a High Elf Fighter on Aug 13, 2015.
             Was an Initiate of the Shining One.
             Mangled by Blork the orc
             ... wielding a +0 glaive
              (9 damage)
             ... on level 4 of the Dungeon.
             The game lasted 00:11:42 (5035 turns).

utis the Slasher (High Elf Fighter)                 Turns: 5035, Time: 00:11:43

Health: -7/36      AC:  7    Str: 15    XL:     5   Next: 67%
Magic:  6/6        EV:  8    Int: 12    God:    the Shining One [......]
Gold:   284        SH:  8    Dex: 15    Spells: 0 memorised, 4 levels left

rFire  . . .     SeeInvis .     a - +1 long sword
rCold  . . .     Clarity  .     r - +0 scale mail
rNeg   . . .     SustAt   .     c - +0 shield
rPois  .         Gourm    .     (no helmet)
rElec  .         Spirit   .     (no cloak)
rCorr  .         Warding  .     (no gloves)
rMut   .         Stasis   .     (no boots)
MR     .....                    (no amulet)
Stlth  ..........               (no ring)
                                (no ring)

@: not resistant to hostile enchantments, extremely unstealthy
A: no striking features
a: Renounce Religion


You were on level 4 of the Dungeon.
You worshipped the Shining One.
The Shining One was noncommittal.
You were not hungry.

You visited 1 branch of the dungeon, and saw 4 of its levels.

You collected 284 gold pieces.

Inventory:

Hand weapons
 a - a +1 long sword (weapon)
 b - a +0 hunting sling
 G - a +0 blowgun
Missiles
 h - 13 tomahawks
 l - 30 sling bullets
 q - 46 stones (quivered)
 F - 10 poisoned needles
Armour
 c - a +0 shield (worn)
 f - a +0 helmet
 r - a +0 scale mail (worn)
 D - a +0 centaur barding
Jewellery
 j - a cursed ring of teleportation {unknown}
 n - an uncursed ring of protection from cold {unknown}
 x - an uncursed ring of fire {unknown}
Scrolls
 g - a scroll of enchant weapon
 k - 4 scrolls of remove curse
 v - a scroll of noise
 w - a scroll of amnesia {unknown}
 y - a scroll of enchant armour {unknown}
 C - a scroll of identify
 H - a scroll of magic mapping
 I - a scroll of immolation {unknown}
Potions
 d - a potion of might
 p - a potion of ambrosia
 t - a potion of magic {unknown}
 u - a potion of cure mutation {unknown}
 z - a potion of agility {unknown}
 E - a potion of invisibility {unknown}
Miscellaneous
 m - a plain deck of wonders
Comestibles
 e - a bread ration
 i - 4 meat rations
 o - 5 fruits
 s - 7 chunks of flesh
 A - a beef jerky


   Skills:
 - Level 3.0 Fighting
 - Level 5.0 Long Blades
 + Level 4.0 Armour
 + Level 2.5 Dodging
 - Level 2.6 Shields


You had 4 spell levels left.
You didn't know any spells.

Dungeon Overview and Level Annotations

Branches:
Dungeon (4/15)
 Temple: D:4-7

Altars:
Nemelex Xobeh
Vehumet
The Shining One

Annotations:
D:4 Blork the orc, Dowan, Duvessa, Eustachio


Message History

Blork the orc is moderately wounded.
Blork the orc hits you but does no damage.
You closely miss Blork the orc.
Blork the orc is moderately wounded.
Blork the orc points at you and mumbles some strange words.
The magic dart hits you!
* * * LOW HITPOINT WARNING * * *
Blork the orc hits you with a glaive.
* * * LOW HITPOINT WARNING * * *
You closely miss Blork the orc.
Blork the orc is moderately wounded.
Blork the orc hits you with a glaive.
* * * LOW HITPOINT WARNING * * *
You closely miss Blork the orc.
Blork the orc is moderately wounded.
Blork the orc casts a spell at you. The puff of frost hits you!
* * * LOW HITPOINT WARNING * * *
Blork the orc hits you with a glaive!
You die...

▓▓▓▓▓▓▓▓▓▓▓
▓.e........
▓o▓▓▓▓▓▓▓▓.
▓▓▓▓▓▓.▓▓▓▓▓▓▓▓.▓▓
▓▓.................
▓▓▓....<.....▓▓▓▓▓.▓.
....................
................o...
▓▓.▓▓.▓▓▓.▓▓▓▓▓▓...▓
....................


You could see Blork the orc.

Vanquished Creatures
  An orc priest (D:3)
  4 adders
  3 gnolls
  4 oozes (D:1)
  2 worms
  10 orcs
  11 bats
  5 giant cockroaches
  9 goblins
  8 hobgoblins
  12 jackals
  7 kobolds
  A quokka (D:2)
  A ball python (D:3)
  9 giant newts
  14 rats
101 creatures vanquished.

Notes
Turn   | Place    | Note
--------------------------------------------------------------
     0 | D:1      | utis the High Elf Fighter began the quest for the Orb.
     0 | D:1      | Reached XP level 1. HP: 16/16 MP: 2/2
     1 | D:1      | Found a runed door.
   102 | D:1      | Reached XP level 2. HP: 10/21 MP: 3/3
   581 | D:1      | Reached skill level 4 in Long Blades
   678 | D:1      | Found a sparkling altar of Nemelex Xobeh.
  1162 | D:1      | Reached XP level 3. HP: 23/26 MP: 4/4
  1236 | D:1      | Reached skill level 5 in Long Blades
  2149 | D:2      | Reached XP level 4. HP: 29/31 MP: 5/5
  2422 | D:2      | Found a glowing golden altar of the Shining One.
  2627 | D:2      | Became a worshipper of the Shining One
  2959 | D:3      | Found a radiant altar of Vehumet.
  3322 | D:3      | Reached skill level 1 in Dodging
  3726 | D:3      | Reached XP level 5. HP: 27/36 MP: 6/6
  4595 | D:4      | Noticed Duvessa
  4595 | D:4      | Noticed Dowan
  4595 | D:4      | Noticed an ogre
  4681 | D:4      | Noticed Eustachio
  4683 | D:4      | Noticed an ogre
  5020 | D:4      | Noticed Blork the orc
  5035 | D:4      | Mangled by Blork the orc

Vault maps used:
D:1:      dpeg_arrival_caged_fury, kennysheep_minor_cross, hangedman_decor_push,
          nemelex_deck
D:2:      nicolae_tso_swordbearing_angel
D:3:      nicolae_overflow_crystal_walls, first_bread
D:4:      temple_pool_b, saegor_snake_ambush, uniq_eustachio, uniq_edmund,
          uniq_duvessa, uniq_blork_the_orc, uniq_robin

Action                   |  1- 3 |  4- 6 || total
-------------------------+-------+-------++-------
Melee: Long sword        |   154 |   168 ||   322
 Fire: Hunting sling     |    10 |     2 ||    12
Throw: Stone             |    12 |    73 ||    85
  Use: Scroll            |       |     7 ||     7
  Eat: Chunk             |     4 |     9 ||    13
